[Event "Titled Tuesday Blitz December 7 2021"]
[White "Ivanchuk, Vasyl"]
[Black "Babazada, Khazar"]
[WhiteFideId "14100010"]
[BlackFideId "13413554"]
[WhiteElo "2710"]
[BlackElo "2302"]
[Result "0-1"]
[Round "09"]
[TimeControl "180+1"]
[Date "2021.12.07"]
[WhiteClock "0:00:01"]
[BlackClock "0:00:10"]

1. d4 Nf6 2. c4 g6 3. Nc3 Bg7 4. e4 d6 5. Bd3 O-O 6. Nge2 Na6 7. O-O e5 8. d5 Nc5 9. Bc2 a5 10. f3 Nh5 11. Be3 f5 12. exf5 gxf5 13. a3 b6 14. b4 Nd7 15. Qd2 Qe8 16. Nb5 f4 17. Bf2 Qd8 18. Nec3 Ndf6 19. Bh4 Qd7 20. Rae1 Kh8 21. c5 Rg8 22. c6 Qf7 23. Kh1 Bh6 24. Re2 Bg5 25. Bxg5 Rxg5 26. g4 Ng7 27. h4 Rxg4 28. fxg4 Nxg4 29. Ne4 Nf5 30. Rg2 Qh5 31. Bd1 Qxh4+ 32. Rh2 Nxh2 33. Qxh2 Qe7 34. Rg1 axb4 35. axb4 Ra1 36. Bf3 Rxg1+ 37. Kxg1 Ba6 38. Nbc3 Nd4 39. Kf2 Bd3 40. Qh6 Nf5 41. Qf6+ Qxf6 42. Nxf6 Ng3 43. Ne8 e4 44. Nxc7 exf3 45. Ne8 Be2 46. c7 Nh1+ 47. Ke1 Ba6 48. b5 f2+ 49. Kf1 Bc8 50. Kg2 Bh3+ 51. Kxh3 f1=Q+ 52. Kg4 Qg2+ 53. Kf5 Qg6+ 54. Kxf4 Qxe8 55. Ne4 Qf7+ 56. Ke3 Qxc7 0-1


[Site "https://www.chess.com"]

[Event "Titled Tuesday Blitz December 7 2021"]
[White "Jobava, Baadur"]
[Black "Xiong, Jeffery"]
[WhiteFideId "13601520"]
[BlackFideId "2047640"]
[WhiteElo "2689"]
[BlackElo "2727"]
[Result "0-1"]
[Round "09"]
[TimeControl "180+1"]
[Date "2021.12.07"]
[WhiteClock "0:00:04"]
[BlackClock "0:00:03"]

1. e4 c5 2. Nf3 d6 3. Bb5+ Bd7 4. Bxd7+ Nxd7 5. O-O Ngf6 6. Qe2 Rc8 7. a4 e6 8. Na3 Be7 9. d3 O-O 10. h3 Re8 11. Re1 Bf8 12. Bg5 h6 13. Bh4 Qc7 14. Nc4 b6 15. Bg3 Qc6 16. Ne3 a6 17. b3 b5 18. Ra2 Nb6 19. axb5 axb5 20. e5 Nfd5 21. Nxd5 Nxd5 22. Qd2 Nb4 23. Raa1 d5 24. c3 Na6 25. Bf4 Ra8 26. Be3 Nc7 27. d4 c4 28. b4 Ra4 29. g4 Rea8 30. Rac1 Ra2 31. Rc2 Qa6 32. Kg2 Rxc2 33. Qxc2 Qa2 34. Qc1 Ra3 35. Nd2 Na8 36. Re2 Qa1 37. Qxa1 Rxa1 38. f4 Nb6 39. Nf3 Na4 40. Rc2 Be7 41. Bd2 f5 42. exf6 Bxf6 43. h4 Kf8 44. h5 Ke8 45. Kg3 Be7 46. g5 Rd1 47. Kg4 Bd6 48. gxh6 gxh6 49. f5 exf5+ 50. Kxf5 Rf1 51. Kg4 Rf2 52. Rc1 Rg2+ 53. Kf5 Rf2 54. Kg4 Rg2+ 55. Kf5 Rf2 56. Ke6 Be7 57. Rg1 Rxf3 58. Rg8+ Rf8 59. Rg6 Nb6 60. Bxh6 Rh8 61. Kf5 Nc8 62. Kg4 Nd6 63. Bf4 Ne4 64. h6 Rh7 65. Kf5 Kf7 66. Rb6 Nxc3 67. Be5 Ne4 68. Rb7 c3 69. Bg7 Nd6+ 0-1


[Site "https://www.chess.com"]

[Event "Titled Tuesday Blitz December 7 2021"]
[White "Kabanova, Ekaterina"]
[Black "Tarlabasi, Emirhan"]
[WhiteFideId "24112917"]
[BlackFideId "6350275"]
[WhiteElo "2164"]
[BlackElo "1949"]
[Result "1-0"]
[Round "09"]
[TimeControl "180+1"]
[Date "2021.12.07"]
[WhiteClock "0:01:13"]
[BlackClock "0:01:07"]

1. c4 Nf6 2. Nf3 b6 3. e3 Bb7 4. Be2 e6 5. Qc2 g6 6. a3 Bg7 7. b4 c5 8. Bb2 O-O 9. h4 Nc6 10. b5 Ne7 11. d3 d5 12. Nbd2 h5 13. Ng5 Rc8 14. Rg1 Nf5 15. g3 Ng4 16. Bxg7 Kxg7 17. cxd5 exd5 18. Qd1 Ngxe3 19. fxe3 Nxe3 20. Qc1 Qf6 21. Ndf3 Qxa1 22. Qxa1+ d4 23. Kd2 a6 24. a4 a5 25. Qa2 Bd5 26. Qa1 f6 27. Nh3 Rfe8 28. Nf4 Bxf3 29. Bxf3 c4 30. Qxd4 Nf5 31. Qxb6 Red8 32. Ne6+ Kh6 33. Nxd8 c3+ 34. Kc2 1-0


[Site "https://www.chess.com"]

[Event "Titled Tuesday Blitz December 7 2021"]
[White "Kepeshchuk, Mykhaylo"]
[Black "Martin, Lewis"]
[WhiteFideId "14113139"]
[BlackFideId "410551"]
[WhiteElo "2279"]
[BlackElo "2145"]
[Result "0-1"]
[Round "09"]
[TimeControl "180+1"]
[Date "2021.12.07"]
[WhiteClock "0:00:05"]
[BlackClock "0:00:08"]

1. d4 d5 2. c4 e6 3. Nf3 Nf6 4. g3 c6 5. Bg2 Nbd7 6. O-O Bd6 7. Nc3 O-O 8. Qd3 Qe7 9. e4 dxe4 10. Nxe4 Nxe4 11. Qxe4 Nf6 12. Qe2 Rd8 13. Re1 Bd7 14. Ne5 Be8 15. Bf4 Rac8 16. a3 c5 17. dxc5 Bxc5 18. b4 Bd4 19. Rad1 Bc3 20. Rxd8 Rxd8 21. Rc1 Bd4 22. c5 Nd5 23. Bd2 Bb2 24. Rc2 Bxa3 25. Nc4 Nxb4 26. Rc3 Bb5 27. Rxa3 Qxc5 28. Rc3 Nd5 29. Rc1 Qd4 30. Qe4 Qxe4 31. Bxe4 Nf6 32. Bg5 Rd4 33. Na3 Bd7 34. Bxf6 gxf6 35. Bxb7 a5 36. Nb1 f5 37. Bf3 a4 38. Nc3 a3 39. Ra1 Rd3 40. Rxa3 Rxf3 41. Ra7 Bc6 42. Ne2 Rd3 43. Kf1 Rd1# 0-1


[Site "https://www.chess.com"]

[Event "Titled Tuesday Blitz December 7 2021"]
[White "Koellner, Ruben Gideon"]
[Black "Tanenbaum, Zachary"]
[WhiteFideId "12993093"]
[BlackFideId "2060850"]
[WhiteElo "2573"]
[BlackElo "2168"]
[Result "0-1"]
[Round "09"]
[TimeControl "180+1"]
[Date "2021.12.07"]
[WhiteClock "0:00:08"]
[BlackClock "0:00:08"]

1. d4 d5 2. Bf4 Nf6 3. e3 c5 4. c3 Nc6 5. Nd2 Qb6 6. Qb3 c4 7. Qc2 g6 8. e4 dxe4 9. Bxc4 Qd8 10. Nxe4 Nxe4 11. Qxe4 Bg7 12. Nf3 O-O 13. O-O Bf5 14. Qe2 Rc8 15. Rfe1 Bg4 16. Bd3 e6 17. h3 Bxf3 18. Qxf3 Qb6 19. Re2 Rfd8 20. Be4 Rd7 21. Rd2 Ne7 22. Rad1 Qa6 23. a3 Rcd8 24. h4 h5 25. g4 hxg4 26. Qg2 Qb5 27. Bd3 Qh5 28. Bg3 Nf5 29. Bxf5 exf5 30. Re2 Bh6 31. Qh2 Bg7 32. Rde1 Bf6 33. Kg2 Kg7 34. Be5 Bxe5 35. Qxe5+ Kh7 36. Qf6 Qh6 37. Re7 Qg7 38. Qg5 Rxe7 39. Rxe7 Rb8 40. h5 a5 41. h6 Qf8 42. Qf6 Kxh6 43. Rxf7 Qd8 44. Qg7+ Kg5 45. Rd7 Qe8 46. Re7 Qc6+ 47. Kh2 Qf3 48. Re6 Qxf2+ 49. Kh1 Qf3+ 50. Kg1 Qg3+ 51. Kf1 Qf3+ 52. Ke1 Qg3+ 53. Kd2 Qf4+ 54. Kc2 Kh4 55. Rxg6 Kg3 56. Qh6 Qxh6 57. Rxh6 f4 58. Rf6 f3 59. Kd3 f2 60. d5 Kg2 61. d6 f1=Q+ 62. Rxf1 Kxf1 0-1


[Site "https://www.chess.com"]

[Event "Titled Tuesday Blitz December 7 2021"]
[White "Kosteniuk, Alexandra"]
[Black "Kadam, Om Manish"]
[WhiteFideId "4128125"]
[BlackFideId "45076294"]
[WhiteElo "2475"]
[BlackElo "1729"]
[Result "1-0"]
[Round "09"]
[TimeControl "180+1"]
[Date "2021.12.07"]
[WhiteClock "0:01:38"]
[BlackClock "0:01:16"]

1. e4 c6 2. Nc3 d5 3. Nf3 g6 4. d4 Bg7 5. Be2 dxe4 6. Nxe4 Nf6 7. Nxf6+ exf6 8. O-O O-O 9. c4 Be6 10. Be3 Nd7 11. h3 Nb6 12. Rc1 Re8 13. a4 a5 14. Qb3 Ra6 15. Rfd1 Nd7 16. d5 Bf5 17. Qxb7 Qc8 18. Qxc8 Rxc8 19. dxc6 Raxc6 20. Nd4 R6c7 21. Nxf5 gxf5 22. Rd5 Ne5 23. Rxa5 Bf8 24. b3 Re7 25. Bf1 Ng6 26. Rxf5 Rc6 27. Rd1 Rb7 28. Rb5 Re7 29. a5 Ree6 30. Rb6 f5 31. g3 h5 32. Bg2 Rxb6 33. axb6 Rd6 34. Rxd6 Bxd6 35. c5 1-0


[Site "https://www.chess.com"]

[Event "Titled Tuesday Blitz December 7 2021"]
[White "Koutlas, Nikolaos"]
[Black "Rakhmanov, Aleksandr"]
[WhiteFideId "25827138"]
[BlackFideId "4173708"]
[WhiteElo "1525"]
[BlackElo "2500"]
[Result "0-1"]
[Round "09"]
[TimeControl "180+1"]
[Date "2021.12.07"]
[WhiteClock "0:00:02"]
[BlackClock "0:00:03"]

1. e4 c5 2. Nf3 Nf6 3. Nc3 d5 4. exd5 Nxd5 5. Bc4 Nb6 6. Bb5+ Bd7 7. O-O Bxb5 8. Nxb5 Nc6 9. d4 e6 10. Re1 a6 11. dxc5 Bxc5 12. Nc3 Qxd1 13. Rxd1 Be7 14. Ne4 h6 15. b3 O-O 16. Be3 Nd5 17. Bc5 Rfd8 18. c4 Ndb4 19. a3 Bxc5 20. Nxc5 Nc2 21. Rac1 Rxd1+ 22. Rxd1 b5 23. cxb5 axb5 24. a4 bxa4 25. Nxa4 Rb8 26. Rd3 N2b4 27. Rc3 Na5 28. Kf1 Nd5 29. Rc5 Nxb3 30. Rc2 Na5 31. Nc5 Rc8 32. Nd4 Ra8 33. g4 Nb4 34. Rb2 Nac6 35. Nxc6 Nxc6 36. f4 Nd4 37. Kf2 Rc8 38. Ke3 Nc6 39. Ne4 Ne7 40. Rb5 Nd5+ 41. Kf3 Ra8 42. f5 Ra3+ 43. Kf2 Nf4 44. fxe6 Nxe6 45. Rb8+ Kh7 46. h4 Ra4 47. Kf3 Nd4+ 48. Kf4 Ne6+ 49. Kf3 Ra3+ 50. Kg2 Nf4+ 51. Kf2 Nd3+ 52. Kg2 Ne5 53. g5 h5 54. Rb7 Kg6 55. Re7 Kf5 56. Ng3+ Kf4 57. Nxh5+ Kg4 58. Nxg7 Ra2+ 59. Kf1 Nf3 60. Re4+ Kh3 61. Nf5 Ra5 62. Rf4 Nh2+ 63. Kf2 Ng4+ 64. Kf3 Ra3+ 0-1


[Site "https://www.chess.com"]

[Event "Titled Tuesday Blitz December 7 2021"]
[White "Krutko, Anatoly"]
[Black "Nozdrachev, Leonid"]
[WhiteFideId "4185862"]
[BlackFideId "24113433"]
[WhiteElo "2378"]
[BlackElo "2124"]
[Result "1-0"]
[Round "09"]
[TimeControl "180+1"]
[Date "2021.12.07"]
[WhiteClock "0:01:51"]
[BlackClock "0:00:01"]

1. e4 d6 2. d4 Nf6 3. Nc3 e5 4. Nf3 Nbd7 5. Bc4 Be7 6. Ng5 O-O 7. Bxf7+ Rxf7 8. Ne6 Qe8 9. Nxc7 Qd8 10. Nxa8 b6 11. dxe5 Nxe5 12. Nd5 Nxe4 13. O-O Bh4 14. f3 Ba6 15. Nac7 Bxf1 16. Kxf1 Qd7 17. Bf4 Rxf4 18. Nxf4 Qxc7 19. Qd5+ Kh8 20. Qxe4 Bf6 21. Rd1 Qc8 22. Nd5 Bg5 23. f4 Qg4 24. Ne3 Qh4 25. Qa8+ Bd8 26. g3 Qf6 27. Qe4 h6 28. Kg2 Nf7 29. Nd5 1-0


[Site "https://www.chess.com"]

[Event "Titled Tuesday Blitz December 7 2021"]
[White "Kucuksari, Kaan"]
[Black "Koridze, Lile"]
[WhiteFideId "6380166"]
[BlackFideId "13612514"]
[WhiteElo "2305"]
[BlackElo "1978"]
[Result "0-1"]
[Round "09"]
[TimeControl "180+1"]
[Date "2021.12.07"]
[WhiteClock "0:02:45"]
[BlackClock "0:02:28"]

1. d4 Nf6 2. c4 e6 3. Nf3 d5 4. g3 Bb4+ 5. Qd2 Bxd2+ 6. Bxd2 dxc4 7. Bg2 O-O 8. O-O c5 9. dxc5 Nc6 10. Nc3 Qe7 11. Be3 Ng4 12. Bg5 Qxc5 13. Ne4 Qa5 14. Bd2 Qc7 15. Rfc1 b5 16. a4 Ba6 17. Nc5 Qb6 18. Nd7 Qxf2+ 19. Kh1 Rfd8 0-1


[Site "https://www.chess.com"]

[Event "Titled Tuesday Blitz December 7 2021"]
[White "Leiva, Gianmarco"]
[Black "Maly, Alexey"]
[WhiteFideId "3804399"]
[BlackFideId "14103184"]
[WhiteElo "2328"]
[BlackElo "2294"]
[Result "0-1"]
[Round "09"]
[TimeControl "180+1"]
[Date "2021.12.07"]
[WhiteClock "0:00:59"]
[BlackClock "0:02:12"]

1. e4 c6 2. d4 d5 3. e5 Bf5 4. h4 h5 5. Bd3 Bxd3 6. Qxd3 e6 7. Bg5 Qa5+ 8. Nd2 Qa6 9. Qf3 Nd7 10. Ne2 Ne7 11. Ng3 c5 12. Bxe7 Bxe7 13. Nxh5 g6 14. Ng7+ Kf8 15. Nxe6+ Qxe6 16. c3 Rxh4 17. O-O Kg7 18. g3 Rh5 19. Kg2 Qh3+ 0-1


[Site "https://www.chess.com"]

[Event "Titled Tuesday Blitz December 7 2021"]
[White "Licznerski, Lukasz"]
[Black "Navalgund, Niranjan"]
[WhiteFideId "1179250"]
[BlackFideId "5030854"]
[WhiteElo "2403"]
[BlackElo "2290"]
[Result "0-1"]
[Round "09"]
[TimeControl "180+1"]
[Date "2021.12.07"]
[WhiteClock "0:00:06"]
[BlackClock "0:00:19"]

1. Nf3 Nf6 2. Ng1 e5 3. Nc3 d5 4. Nb1 Bc5 5. e3 O-O 6. d4 exd4 7. exd4 Re8+ 8. Be2 Bb6 9. Nf3 Qe7 10. h3 Nc6 11. c3 Bf5 12. Be3 Ne4 13. Nbd2 Ng3 14. Rg1 Qf6 15. Nf1 Nxe2 16. Qxe2 Na5 17. g4 Be4 18. Ne5 Nc4 19. Nxc4 dxc4 20. Qxc4 Bf3 21. Nd2 Rxe3+ 22. fxe3 Qh4+ 23. Kf1 Qxh3+ 24. Kf2 Bxg4 25. Rg3 Qh2+ 26. Rg2 Qh4+ 27. Kg1 Re8 28. Rf1 Bh5 29. Qb5 f6 30. Nf3 Qh3 31. Rh2 Qg3+ 32. Rg2 Qh3 33. e4 c6 34. Qc4+ Bf7 35. Qd3 Qd7 36. Nd2 c5 37. d5 c4+ 0-1


[Site "https://www.chess.com"]

[Event "Titled Tuesday Blitz December 7 2021"]
[White "Ljukin, Sergei"]
[Black "Shahade, Gregory"]
[WhiteFideId "14102200"]
[BlackFideId "2009064"]
[WhiteElo "2311"]
[BlackElo "2657"]
[Result "0-1"]
[Round "09"]
[TimeControl "180+1"]
[Date "2021.12.07"]
[WhiteClock "0:00:08"]
[BlackClock "0:00:14"]

1. e4 e5 2. Nf3 Nc6 3. Bb5 a6 4. Ba4 Nf6 5. Qe2 b5 6. Bb3 Bc5 7. c3 O-O 8. d3 d5 9. Bg5 dxe4 10. dxe4 h6 11. Bh4 Qd6 12. Nbd2 Nh5 13. Bg3 Nf4 14. Bxf4 exf4 15. O-O-O Na5 16. Bc2 Qe6 17. Nb3 Bb6 18. Nxa5 Bxa5 19. Bb3 Qe7 20. Nd4 Bb7 21. f3 Qe5 22. Nf5 Rfe8 23. Qd3 c5 24. Bd5 Rad8 25. c4 Bxd5 26. cxd5 c4 27. Qd4 Qxd4 28. Nxd4 Bb6 29. Nc6 Rc8 30. a4 bxa4 31. Kc2 f6 32. Ra1 f5 33. e5 Rxc6 34. dxc6 Rxe5 35. Rhe1 Rc5 36. Rxa4 a5 37. Kc3 Rxc6 38. Rxc4 Rg6 39. Re2 Be3 40. Kb3 Ra6 41. Ka4 Kh7 42. Rc7 h5 43. Rb7 Rd6 44. Kxa5 Rd1 45. Rb5 g6 46. h3 Kh6 47. b4 Ra1+ 0-1


[Site "https://www.chess.com"]

[Event "Titled Tuesday Blitz December 7 2021"]
[White "Maksimenko, Viktor"]
[Black "Daniel, Damian"]
[WhiteFideId "13710478"]
[BlackFideId "1183621"]
[WhiteElo "2269"]
[BlackElo "2055"]
[Result "1-0"]
[Round "09"]
[TimeControl "180+1"]
[Date "2021.12.07"]
[WhiteClock "0:02:24"]
[BlackClock "0:00:19"]

1. d4 Nf6 2. c4 e6 3. Nf3 Bb4+ 4. Bd2 Qe7 5. g3 O-O 6. Bg2 Bxd2+ 7. Qxd2 d6 8. Nc3 e5 9. O-O Re8 10. Rfe1 e4 11. Ng5 e3 12. fxe3 Qxe3+ 13. Qxe3 Rxe3 14. Nge4 Nc6 15. Nxf6+ gxf6 16. Nd5 Re6 17. Nxc7 Nxd4 18. Nxa8 1-0


[Site "https://www.chess.com"]

[Event "Titled Tuesday Blitz December 7 2021"]
[White "Maksimovic, Bojan"]
[Black "Bach, Ngoc Thuy Duong"]
[WhiteFideId "14408120"]
[BlackFideId "12408956"]
[WhiteElo "2458"]
[BlackElo "1896"]
[Result "0-1"]
[Round "09"]
[TimeControl "180+1"]
[Date "2021.12.07"]
[WhiteClock "0:01:30"]
[BlackClock "0:01:04"]

1. e4 c5 2. Nc3 d6 3. f4 Nf6 4. Nf3 Nc6 5. Bb5 Bd7 6. d3 a6 7. Bxc6 Bxc6 8. O-O e6 9. f5 Be7 10. fxe6 fxe6 11. e5 dxe5 12. Nxe5 Qd4+ 13. Rf2 Qxe5 14. Bf4 Qd4 15. Ne2 Qd7 16. Ng3 O-O 17. Qd2 Ng4 18. Re2 c4 19. d4 e5 20. dxe5 Bc5+ 21. Kh1 Qxd2 22. Bxd2 Rae8 23. Rae1 Nf2+ 24. Kg1 Nd3+ 25. Kh1 Nxe1 26. Bxe1 Bd4 27. e6 Rf6 28. c3 Bc5 0-1


[Site "https://www.chess.com"]

[Event "Titled Tuesday Blitz December 7 2021"]
[White "Materia, Marco"]
[Black "Ozen, Bahadir"]
[WhiteFideId "45150451"]
[BlackFideId "6337058"]
[WhiteElo "2606"]
[BlackElo "2503"]
[Result "1-0"]
[Round "09"]
[TimeControl "180+1"]
[Date "2021.12.07"]
[WhiteClock "0:00:05"]
[BlackClock "0:00:05"]

1. d4 d5 2. c4 c6 3. Nc3 Nf6 4. Nf3 e6 5. e3 Nbd7 6. Bd3 dxc4 7. Bxc4 b5 8. Bd3 Bb7 9. e4 b4 10. Na4 c5 11. e5 Nd5 12. O-O Rc8 13. dxc5 Nxc5 14. Bb5+ Bc6 15. Bxc6+ Rxc6 16. Nd4 Rc8 17. Bd2 Nxa4 18. Qxa4+ Qd7 19. Qa6 Bc5 20. Nb3 Bb6 21. Rac1 O-O 22. Rxc8 Rxc8 23. Rc1 Rxc1+ 24. Bxc1 Qc6 25. Qe2 a5 26. Bd2 a4 27. Nc1 Qc2 28. Nd3 a3 29. bxa3 bxa3 30. Nc1 Ba5 31. Nb3 Qxa2 32. Qb5 Qb1+ 33. Bc1 g6 34. Qxa5 Qxb3 35. Qd8+ Kg7 36. Bh6+ Kxh6 37. Qf8+ Kh5 38. h3 Qb1+ 39. Kh2 Qe4 40. g4+ Kg5 41. Qd8+ f6 42. exf6 Qf4+ 43. Kg2 Qxf6 44. Qd6 Nf4+ 45. Kh2 a2 46. Qd1 Qe5 47. Kg3 Ne2+ 48. Kf3 Nd4+ 49. Kg2 Ne2 50. Qd2+ Nf4+ 51. Kg3 a1=Q 52. h4+ Kf6 53. Qd8+ Kf7 54. Qd7+ Kf8 55. Qd8+ Kg7 56. Qe7+ Kh6 57. g5+ Qxg5+ 58. hxg5+ Kh5 59. Qxh7+ Kxg5 60. Qh4+ 1-0


[Site "https://www.chess.com"]

[Event "Titled Tuesday Blitz December 7 2021"]
[White "Matinian, Nikita"]
[Black "Kretchetov, Alexandre"]
[WhiteFideId "24129100"]
[BlackFideId "4124588"]
[WhiteElo "2422"]
[BlackElo "2502"]
[Result "1-0"]
[Round "09"]
[TimeControl "180+1"]
[Date "2021.12.07"]
[WhiteClock "0:01:42"]
[BlackClock "0:00:45"]

1. e4 c6 2. Nc3 d5 3. Nf3 g6 4. d4 Bg7 5. Bd3 Nh6 6. Bf4 f6 7. Qd2 Nf7 8. h4 O-O 9. O-O-O Bg4 10. Kb1 e5 11. dxe5 fxe5 12. Bg3 d4 13. Ne2 Nd7 14. Ng5 Nxg5 15. hxg5 Nb6 16. Rh4 Bxe2 17. Bxe2 Rf7 18. Rdh1 Bf8 19. Bxe5 c5 20. Bf6 Qd7 21. f4 Re8 22. f5 gxf5 23. exf5 Nd5 24. Bc4 b5 25. Bxd5 Qxd5 26. g6 Rxf6 27. Rxh7 Qxf5 28. Rh8+ Kg7 29. Qh6# 1-0


[Site "https://www.chess.com"]

[Event "Titled Tuesday Blitz December 7 2021"]
[White "Mezentsev, Ivan"]
[Black "Rustemov, Alexander"]
[WhiteFideId "13706195"]
[BlackFideId "4119002"]
[WhiteElo "2295"]
[BlackElo "2728"]
[Result "1-0"]
[Round "09"]
[TimeControl "180+1"]
[Date "2021.12.07"]
[WhiteClock "0:00:03"]
[BlackClock "0:00:09"]

1. d4 d5 2. Nf3 Nf6 3. Bf4 e6 4. e3 Bd6 5. Bg3 O-O 6. Nbd2 b6 7. c3 c5 8. Bd3 Ba6 9. Bxa6 Nxa6 10. O-O Nb8 11. Ne5 Qc7 12. f4 Nc6 13. Bh4 Nd7 14. Qg4 f5 15. Qe2 c4 16. Rf3 b5 17. Rh3 Nf6 18. Ndf3 Bxe5 19. fxe5 Ne4 20. Ng5 Nxg5 21. Bxg5 Qf7 22. Qf2 Qg6 23. Qh4 h6 24. Bf4 Qg4 25. Qf2 Kf7 26. Rg3 Qh5 27. e4 dxe4 28. d5 exd5 29. Qc5 Ne7 30. Qd6 Rae8 31. e6+ Kg8 32. Be5 g5 33. Bd4 Qg6 34. Rf1 Kh7 35. h4 f4 36. Rg4 Nf5 37. Qe5 Rxe6 38. Qxd5 e3 39. hxg5 hxg5 40. Rxg5 Qxg5 41. Qxe6 Rg8 42. Qd7+ Kh6 43. Qc6+ Rg6 44. Qa8 Nh4 45. Qh8# 1-0


[Site "https://www.chess.com"]

[Event "Titled Tuesday Blitz December 7 2021"]
[White "Mickiewicz, Piotr"]
[Black "Gheorghiu, Calin"]
[WhiteFideId "1114891"]
[BlackFideId "1200305"]
[WhiteElo "2266"]
[BlackElo "2213"]
[Result "1/2-1/2"]
[Round "09"]
[TimeControl "180+1"]
[Date "2021.12.07"]
[WhiteClock "0:00:07"]
[BlackClock "0:00:17"]

1. Nf3 d5 2. c4 d4 3. e3 Nc6 4. a3 e5 5. d3 a5 6. exd4 exd4 7. g3 Nf6 8. Bg2 Be7 9. O-O O-O 10. Bg5 Bg4 11. Nbd2 Qd7 12. Re1 Rfe8 13. Qb3 a4 14. Qc2 h6 15. Bxf6 Bxf6 16. Ne4 Be7 17. b4 axb3 18. Qxb3 Ra7 19. Ned2 Rea8 20. a4 Bf8 21. Ne5 Nxe5 22. Rxe5 Rxa4 23. Rxa4 Rxa4 24. Qxb7 Ra1+ 25. Nf1 Qa4 26. Qb8 Qd1 27. Re8 Qxf1+ 28. Bxf1 Bh3 29. Rxf8+ Kh7 30. Rh8+ Kg6 31. Rxh6+ gxh6 32. Qg8+ Kf6 33. Qh8+ Ke7 34. Qe5+ Kf8 35. Qh8+ Ke7 36. Qe5+ Kf8 37. Qh8+ Ke7 1/2-1/2


[Site "https://www.chess.com"]

[Event "Titled Tuesday Blitz December 7 2021"]
[White "Mihailidis, Anastasios"]
[Black "Pourkashiyan, Atousa"]
[WhiteFideId "4205588"]
[BlackFideId "12502014"]
[WhiteElo "2312"]
[BlackElo "2285"]
[Result "1-0"]
[Round "09"]
[TimeControl "180+1"]
[Date "2021.12.07"]
[WhiteClock "0:00:05"]
[BlackClock "0:00:26"]

1. e4 c5 2. Nf3 e6 3. c4 Nc6 4. Nc3 a6 5. Be2 Qc7 6. O-O Nd4 7. d3 b6 8. Be3 e5 9. Nd5 Qb8 10. Nxd4 cxd4 11. Bd2 Nf6 12. f4 Nxd5 13. cxd5 exf4 14. Bxf4 Bd6 15. Bxd6 Qxd6 16. Qa4 O-O 17. Qxd4 Re8 18. Rae1 a5 19. Bg4 Ba6 20. e5 Qc7 21. d6 Qa7 22. Qd5 Rf8 23. Rf2 Bb7 24. Qb3 a4 25. Qc4 Bc6 26. Ref1 b5 27. Qb4 Rae8 28. d4 Bd5 29. Re1 Bc4 30. b3 axb3 31. axb3 Qxd4 32. bxc4 Qxg4 33. Qxb5 Rc8 34. Ref1 Rxc4 35. Rxf7 Rcc8 36. Rxf8+ Rxf8 37. Qd5+ Qe6 38. Qxe6+ dxe6 39. Rxf8+ Kxf8 40. Kf2 Ke8 41. Ke3 Kd7 42. Kd4 Kc6 43. Kc4 Kb6 44. h3 h5 45. h4 g6 46. g3 Kc6 47. Kb4 Kb6 48. Ka4 Kc6 49. Ka5 Kd7 50. Kb6 Kd8 51. Kc6 Kc8 52. Kb6 Kd8 53. Kb7 Kd7 54. Kb8 Kd8 55. Kb7 Kd7 56. Ka6 Kc8 57. Kb5 Kd7 58. Kc5 Kd8 59. Kc6 Kc8 60. d7+ Kd8 61. Kc5 Kxd7 62. Kb6 Ke7 63. Kc6 Ke8 64. Kd6 Kf7 65. Kd7 g5 66. hxg5 Kg6 67. Kxe6 Kxg5 68. Kd6 Kg4 69. e6 Kxg3 70. e7 h4 71. e8=Q h3 72. Qg6+ Kf2 73. Qc2+ Kg1 74. Qd1+ Kg2 75. Qe2+ Kg1 76. Qe3+ Kg2 77. Qe4+ Kg1 78. Qg4+ Kh2 79. Ke5 Kh1 80. Kf4 h2 81. Qf3+ Kg1 82. Kg3 h1=Q 83. Qf2# 1-0


[Site "https://www.chess.com"]

[Event "Titled Tuesday Blitz December 7 2021"]
[White "Mikhalsky, Vladimir"]
[Black "Bazarov, Konstantin"]
[WhiteFideId "14144352"]
[BlackFideId "4137000"]
[WhiteElo "2248"]
[BlackElo "2079"]
[Result "0-1"]
[Round "09"]
[TimeControl "180+1"]
[Date "2021.12.07"]
[WhiteClock "0:00:01"]
[BlackClock "0:00:15"]

1. d4 Nf6 2. c4 e6 3. g3 Bb4+ 4. Bd2 a5 5. Bg2 O-O 6. Nf3 d6 7. O-O Bxd2 8. Nbxd2 Qe7 9. Rc1 e5 10. c5 e4 11. cxd6 cxd6 12. Ng5 d5 13. Nb3 Nc6 14. Kh1 Bf5 15. f3 e3 16. Nh3 Qb4 17. g4 Bg6 18. g5 Nd7 19. f4 Bf5 20. Rf3 Rfe8 21. a3 Qb6 22. Rc3 a4 23. Nc5 Qxb2 24. Rfxe3 Rxe3 25. Rxe3 Nxc5 26. dxc5 d4 27. Rg3 Bc2 28. Qd2 Re8 29. Ng1 g6 30. Bd5 Qb1 31. h4 Ne7 32. Bf3 Nf5 33. Rh3 d3 34. exd3 Re1 35. Qf2 Rf1 36. Qg2 Bxd3 37. h5 Ne3 38. Qg3 Be4 39. hxg6 fxg6 40. Bxe4 Qxe4+ 41. Kh2 Qc2+ 42. Kh1 Nf5 43. Qd3 Qxd3 44. Rxd3 Rb1 45. Rd8+ Kf7 46. Rd7+ Ke6 47. Rxh7 Kd5 48. Rf7 Ke4 49. Rf6 Kxf4 50. Rxg6 Nh4 0-1


[Site "https://www.chess.com"]

[Event "Titled Tuesday Blitz December 7 2021"]
[White "Miszler, Levente"]
[Black "Hjartarson, Johann"]
[WhiteFideId "763276"]
[BlackFideId "2300044"]
[WhiteElo "1966"]
[BlackElo "2502"]
[Result "1-0"]
[Round "09"]
[TimeControl "180+1"]
[Date "2021.12.07"]
[WhiteClock "0:00:05"]
[BlackClock "0:00:01"]

1. Nf3 f5 2. c4 Nf6 3. Nc3 g6 4. g3 Bg7 5. Bg2 O-O 6. O-O d6 7. d3 e5 8. Rb1 c6 9. b4 a6 10. a4 h6 11. b5 axb5 12. axb5 Be6 13. Nd2 d5 14. Qb3 d4 15. Na4 Qa5 16. Nc5 Bc8 17. Bb2 Qxd2 18. Rbd1 Qxe2 19. Rfe1 Qh5 20. Rxe5 Ng4 21. Re7 Bf6 22. Rc7 Qxh2+ 23. Kf1 Be5 24. bxc6 Bxc7 25. cxb7 Ra7 26. bxc8=Q Rxc8 27. Bxd4 Be5 28. Bxe5 Nxe5 29. Qb6 Nbc6 30. d4 Ng4 31. d5 Ra2 32. Nd3 Ne7 33. Qe6+ Kh8 34. d6 Ng8 35. d7 Rd8 36. c5 1-0


[Site "https://www.chess.com"]

[Event "Titled Tuesday Blitz December 7 2021"]
[White "Mitusov, Semen"]
[Black "Shipov, Sergei"]
[WhiteFideId "14151049"]
[BlackFideId "4113624"]
[WhiteElo "2246"]
[BlackElo "2746"]
[Result "0-1"]
[Round "09"]
[TimeControl "180+1"]
[Date "2021.12.07"]
[WhiteClock "0:00:02"]
[BlackClock "0:00:16"]

1. e4 e6 2. d4 d5 3. Nc3 Bb4 4. e5 c5 5. Bd2 Nh6 6. a3 Bxc3 7. bxc3 Nf5 8. Nf3 b6 9. Bd3 Ba6 10. O-O O-O 11. Bg5 Qd7 12. Re1 Bxd3 13. Qxd3 Nc6 14. h4 f6 15. exf6 gxf6 16. Bf4 c4 17. Qe2 Rae8 18. h5 Qf7 19. Nh2 e5 20. dxe5 fxe5 21. Bg5 Kh8 22. Ng4 Qg7 23. Qd2 d4 24. cxd4 Ncxd4 25. f4 h6 26. Nxh6 Nxh6 27. fxe5 Ndf5 28. Bf6 Rxf6 29. exf6 Rxe1+ 30. Rxe1 Qxf6 31. Re8+ Kh7 32. Qd7+ Ng7 33. Re7 Nf5 34. Re4 Ng3 35. Rg4 Nxh5 36. Rxc4 Qa1+ 37. Kh2 Qe5+ 38. Kg1 Nf4 39. Qg4 Nge6 40. Qh4+ Kg6 41. Qg4+ Kf6 42. Qh4+ Kf5 43. Qh7+ Kg4 44. Qg8+ Ng5 45. Qc8+ Kh4 46. Kh2 Ne4 47. g3+ Nxg3 48. Qd8+ Kh5 49. Qd1+ Nge2 50. Qf1 Nd3+ 51. Kh3 Qe3+ 52. Kg2 Qg3+ 53. Kh1 Nf2+ 54. Qxf2 Qxf2 0-1


[Site "https://www.chess.com"]